 Dungeon Crawl Stone Soup version 0.22.0-21-g8bd1b0a (webtiles) character file.

14 NormalPerson7T the Charmwright (level 2, 3/26 HPs)
             Began as a Gnoll Skald on Aug 19, 2018.
             Quit the game on level 2 of the Dungeon.
             The game lasted 00:01:35 (247 turns).

NormalPerson7T the Charmwright (Gnoll Skald)         Turns: 247, Time: 00:01:35

Health: 3/26       AC:  4    Str: 13    XL:     2   Next: 41%
Magic:  7/7        EV: 14    Int: 15    God:
Gold:   23         SH:  0    Dex: 14    Spells: 7/10 levels left

rFire    . . .     SeeInvis .   a - +0 spear
rCold    . . .     Gourm    .   (no shield)
rNeg     + . .     Faith    .   b - +1 leather armour
rPois    .         Spirit   .   (no helmet)
rElec    .         Reflect  .   (no cloak)
rCorr    .         Harm     .   (no gloves)
MR       .....                  (no boots)
Stlth    +.........             (no amulet)
HPRegen  0.08/turn              f - ring of positive energy
MPRegen  0.10/turn              (no ring)

@: seriously poisoned (3 -> 1)
A: distributed training, fangs 1, strong nose
a: no special abilities


You were on level 2 of the Dungeon.
You were not hungry.

You visited 1 branch of the dungeon, and saw 2 of its levels.

You collected 23 gold pieces.

Inventory:

Hand Weapons
 a - a +0 spear (weapon)
Armour
 b - a +1 leather armour (worn)
Jewellery
 f - a ring of positive energy (left hand)
Comestibles
 d - a ration


   Skills:
 + Level 4.5 Fighting
 + Level 0.4 Short Blades
 + Level 0.4 Long Blades
 + Level 0.4 Axes
 + Level 0.4 Maces & Flails
 + Level 4.5 Polearms
 + Level 0.4 Staves
 + Level 0.4 Slings
 + Level 0.4 Bows
 + Level 0.4 Crossbows
 + Level 0.4 Throwing
 + Level 2.5 Armour
 + Level 4.5 Dodging
 + Level 0.4 Stealth
 + Level 0.4 Shields
 + Level 0.4 Unarmed Combat
 + Level 4.9 Spellcasting
 + Level 0.2 Conjurations
 + Level 0.2 Hexes
 + Level 5.3 Charms
 + Level 0.2 Summonings
 + Level 0.2 Necromancy
 + Level 0.2 Translocations
 + Level 0.2 Transmutations
 + Level 0.2 Fire Magic
 + Level 0.2 Ice Magic
 + Level 0.2 Air Magic
 + Level 0.2 Earth Magic
 + Level 0.2 Poison Magic
 + Level 0.5 Invocations
 + Level 0.4 Evocations


You had 7 spell levels left.
You knew the following spells:

 Your Spells              Type           Power        Failure   Level  Hunger
a - Infusion              Chrm           ###.         2%          1    None
x - Shroud of Golubria    Chrm/Tloc      ##........   10%         2    ##.....

Your spell library contained the following spells:

 Spells                   Type           Power        Failure   Level  Hunger
 Song of Slaying          Chrm           ###.....     3%          2    ##.....
 Regeneration             Chrm/Necr      ##........   21%         3    ###....
 Spectral Weapon          Hex/Chrm       ##......     21%         3    ###....


Dungeon Overview and Level Annotations

Branches:
Dungeon (2/15)

Altars:
Okawaru


Innate Abilities, Weirdness & Mutations

Your experience applies equally to all skills.
You have very sharp teeth.
Your uncanny sense of smell can sniff out nearby items.


Message History

The ball python hisses angrily.
Found a grey potion and a spear.
The adder misses you.
You feel sick.
Found a stone staircase leading up.
An adder comes into view.
The adder hisses angrily.
The adder bites you.
Found a ration.
A worm comes into view.
The adder bites you but does no damage.
A goblin comes into view. It is wielding a club.
You feel sick. The adder bites you.
* * * LOW HITPOINT WARNING * * *
There is a stone staircase leading up, spattered with blood here.
Are you sure you want to abandon this character and quit the game? (Confirm with "yes".)
Okay, then.
Unknown command.
Are you sure you want to abandon this character and quit the game? (Confirm with "yes".)

#..##.._..##K........
#...#.).).#..##...s..
#.........s..##......
#...###b..###......
###...#S..## ...
#......g...#. .
#....S......%#
#..SS......###
#..@S......#
#...w........
#.....g....###
#..........#
#..........#
##..####...# ....
#### ....


You could see a worm, 4 adders, a giant cockroach, 2 goblins, a bat and a ball
python.

Vanquished Creatures
  4 goblins (D:1)
  2 hobgoblins (D:1)
  A bat (D:1)
  4 kobolds (D:1)
  2 rats (D:1)
13 creatures vanquished.

Notes
Turn   | Place    | Note
-------+----------+-------------------------------------------
     0 | D:1      | NormalPerson7T the Gnoll Skald began the quest for the Orb.
     0 | D:1      | Reached XP level 1. HP: 20/20 MP: 6/6
   144 | D:1      | Reached XP level 2. HP: 16/26 MP: 7/7
   172 | D:1      | Learned a level 2 spell: Shroud of Golubria
   233 | D:2      | Found an iron altar of Okawaru.
   247 | D:2      | Quit the game

Action                   || total
-------------------------++-------
Melee: Spear             ||    41
 Cast: Infusion          ||     2
  Use: Scroll            ||     2
Armor: Leather armour    ||    22
Dodge: Dodged            ||    55
